 Dungeon Crawl Stone Soup version 0.24.0-7-gb3623d2c88 (webtiles) character file.

Game seed: 15161633925280360369, levelgen mode: deterministic

72 Nivan the Conjurer (level 4, -6/33 HPs)
             Began as a Draconian Conjurer on Nov 2, 2019.
             Killed by divine providence
             ... invoked by an orc priest
              (12 damage)
             ... on level 3 of the Dungeon.
             The game lasted 00:04:33 (2058 turns).

Nivan the Conjurer (Draconian Conjurer)             Turns: 2058, Time: 00:04:36

Health: -6/33      AC:  6    Str: 10    XL:     4   Next: 6%
Magic:  1/7        EV: 12    Int: 16    God:
Gold:   112        SH:  0    Dex: 12    Spells: 7/8 levels left

rFire    . . .     SeeInvis .   k - +0 mace
rCold    . . .     Gourm    .   (no shield)
rNeg     . . .     Faith    .   (armour unavailable)
rPois    .         Spirit   .   (helmet restricted)
rElec    .         Reflect  .   (no cloak)
rCorr    .         Harm     .   j - +0 pair of gloves
MR       .....                  (no boots)
Stlth    ++........             (no amulet)
HPRegen  0.11/turn              (no ring)
MPRegen  0.10/turn              (no ring)

@: no status effects
A: unfitting armour, cold-blooded, AC +5
a: no special abilities


You were on level 3 of the Dungeon.
You were very hungry.

You visited 1 branch of the dungeon, and saw 3 of its levels.

You collected 112 gold pieces.

Inventory:

Hand Weapons
 k - a +0 mace (weapon)
Armour
 g - a +0 large shield
 j - a +0 pair of gloves (worn)
Scrolls
 a - 4 scrolls of identify {unknown}
 d - a scroll of magic mapping {unknown}
 f - a scroll of fog {unknown}
 i - a scroll of enchant armour {unknown}
Potions
 c - a potion of mutation {unknown}
 e - a potion of heal wounds {unknown}
 h - a potion of agility
Comestibles
 b - 5 rations
 l - 5 chunks of flesh


   Skills:
 + Level 2.0 Dodging
 + Level 2.0 Stealth
 + Level 2.5 Spellcasting
 + Level 5.1 Conjurations


You had 7 spell levels left.
You knew the following spells:

 Your Spells              Type           Power        Failure   Level  Hunger
a - Magic Dart            Conj           ###.         2%          1    #......

Your spell library contained the following spells:

 Spells                   Type           Power        Failure   Level  Hunger
 Searing Ray              Conj           ###...       3%          2    ##.....
 Dazzling Spray           Conj/Hex       ##....       21%         3    ###....
 Iskenderun's Mystic Bla  Conj           ###.....     24%         4    #####..
 Force Lance              Conj/Tloc      ##......     56%         4    #####..
 Fulminant Prism          Conj/Hex       ##........   56%         4    #####..


Dungeon Overview and Level Annotations

Branches:
Dungeon (3/15)

Altars:
The Shining One


Innate Abilities, Weirdness & Mutations

Your plain brown scales are hard. (AC +5)
You cannot fit into any form of body armour.
You are cold-blooded and may be slowed by cold attacks.


Message History

The orc priest hits you but does no damage.
Casting: Magic Dart (safe; 2% risk of failure)
Confirm with . or Enter, or press ? or * to list all spells.
Aiming: Magic Dart (safe; 2% risk of failure)
Press: ? - help, Shift-Dir - straight line, f/p - orc priest
Aim: an orc priest, wielding a +0 club (heavily wounded)
The magic dart hits the orc priest.
The orc priest is heavily wounded.
The orc priest casts a cantrip, but nothing happens.
You barely miss the orc priest.
Your tail-slap misses the orc priest.
The orc priest is heavily wounded.
The orc priest hits you but does no damage.
You hit the orc priest. You tail-slap the orc priest.
The orc priest is almost dead.
The orc priest invokes the aid of Beogh against you.
Beogh smites you!
* * * LOW HITPOINT WARNING * * *
The orc priest invokes the aid of Beogh against you.
Beogh smites you!
You die...

..........#.#.#
.......<..#.#.#
..........#.#.#
..........#.#.#
..........#.#.#
######......#.#
#....#.#.###
###.....)o.#
#.....@#.#
#.######o# #.
#.#.# # ..
..#o# #.###
#.#.# .. #.#o#
#.#.#####.#.#
##.........#.#
.......)..)..#


You could see an orc priest.

Vanquished Creatures
  Jessica (D:2)
  An adder (D:2)
  2 dart slugs (D:1)
  2 orcs (D:3)
  3 giant cockroaches
  5 goblins
  5 hobgoblins
  4 bats
  4 frilled lizards
  A kobold (D:1)
  4 rats
32 creatures vanquished.

Notes
Turn   | Place    | Note
-------+----------+-------------------------------------------
     0 | D:1      | Nivan the Draconian Conjurer began the quest for the Orb.
     0 | D:1      | Reached XP level 1. HP: 14/14 MP: 3/3
   682 | D:1      | Reached XP level 2. HP: 19/20 MP: 0/5
  1337 | D:2      | Noticed Jessica
  1346 | D:2      | Reached XP level 3. HP: 24/26 MP: 0/6
  1349 | D:2      | Killed Jessica
  1404 | D:2      | Reached skill level 5 in Conjurations
  1557 | D:2      | Found a glowing golden altar of the Shining One.
  2025 | D:3      | Reached XP level 4. HP: 33/33 MP: 3/7
  2058 | D:3      | Killed from afar by an orc priest

Levels and vault maps discovered:
D:1:      dpeg_arrival_central, layout_loops_ring
D:2:      layout_basic, nicolae_tso_carved_into_rock, serial_corexii_hall,
          corexii_hall_statues_s, chequers_hall_statues_corner_a, first_ration,
          uniq_jessica
D:3:      layout_basic, kennysheep_okawaru_gauntlet,
          lemuel_coloured_pillars_altar, uniq_sigmund

Skill      XL: |  1  2  3 |
---------------+----------+-----
Dodging        | 2 |  2.0
Stealth        | 2 |  2.0
Conjurations   | 5 |  5.1
Spellcasting   | |  2.5

Action                   |  1- 3 |  4- 6 || total
-------------------------+-------+-------++-------
Melee: Unarmed           |    15 |       ||    15
       Club              |    13 |       ||    13
       Tailslap          |     2 |     1 ||     3
       Mace              |     3 |     9 ||    12
 Cast: Magic Dart        |    57 |     7 ||    64
  Eat: Chunk             |     3 |       ||     3
Armor: Skin              |     8 |     4 ||    12
Dodge: Dodged            |    26 |     7 ||    33
